 Dungeon Crawl Stone Soup version 0.17-a0-649-g87edefa (webtiles) character file.

6163 Radiman the Severer (level 10, -5/115 HPs)
             Began as a Hill Orc Berserker on Apr 17, 2015.
             Was a High Priest of Trog.
             Slain by a spiny frog (16 damage)
             ... on level 9 of the Dungeon.
             The game lasted 00:34:49 (10166 turns).

Radiman the Severer (Hill Orc Berserker)           Turns: 10166, Time: 00:34:51

Health: -5/115     AC: 18    Str: 29    XL:     10   Next: 90%
Magic:  3/3        EV:  7    Int:  7    God:    Trog [*****.]
Gold:   583        SH:  0    Dex: 10    Spells: 0 memorised, 9 levels left

rFire  + . .     SeeInvis .     f - +3 executioner's axe (antimagic)
rCold  . . .     Clarity  .     P - +0 plate armour
rNeg   . . .     SustAb   .     (no shield)
rPois  .         Gourm    .     q - +1 helmet
rElec  .         Spirit   .     n - +0 cloak
rCorr  .         Warding  .     a - +2 pair of gloves
rMut   +         Stasis   .     d - +0 pair of boots
MR     .....                    w - amulet of resist mutation
Stlth  ..........               t - ring of protection from fire
                                b - ring of teleport control

@: berserking, lethally poisoned (-5 -> -8), very quick, not resistant to
hostile enchantments, extremely unstealthy
A: no striking features
a: Burn Spellbooks, Berserk, Trog's Hand, Brothers in Arms, Renounce Religion,
Evoke Teleport Control


You were on level 9 of the Dungeon.
You worshipped Trog.
Trog was extremely pleased with you.
You were hungry.

You visited 1 branch of the dungeon, and saw 9 of its levels.

You collected 583 gold pieces.

Inventory:

Hand weapons
 f - a +3 antimagic executioner's axe (weapon)
Armour
 a - a +2 pair of gloves (worn)
 d - a +0 pair of boots (worn)
 k - a +1 leather armour of cold resistance
 n - a +0 cloak (worn)
 q - a +1 helmet (worn)
 P - a +0 plate armour (worn)
Jewellery
 b - a ring of teleport control (left hand)
 h - an uncursed amulet of resist corrosion
 r - an uncursed ring of stealth
 t - a ring of protection from fire (right hand)
 w - an amulet of resist mutation (around neck)
 L - an uncursed amulet of the gourmand {unknown}
Magical devices
 j - a wand of cold (8)
 E - a wand of magic darts (19)
 F - a wand of magic darts (25)
 O - a wand of polymorph (13)
 Q - a wand of draining (3)
 R - a wand of digging (3)
Scrolls
 g - 5 scrolls of remove curse
 p - 2 scrolls of blinking
 u - 3 scrolls of fog
 v - a scroll of vulnerability {unknown}
 y - a scroll of random uselessness {unknown}
 A - 2 scrolls of enchant armour
 B - 4 scrolls of magic mapping
 G - a scroll of fear {unknown}
 K - 2 scrolls of recharging {unknown}
 M - a scroll of torment {unknown}
Potions
 e - 3 potions of flight
 i - 5 potions of haste
 l - a potion of poison {unknown}
 m - 4 potions of heal wounds {unknown}
 o - 4 potions of brilliance {unknown}
 s - 2 potions of might {unknown}
 z - a potion of berserk rage {unknown}
 C - 2 potions of resistance
 D - a potion of lignification {unknown}
 H - a potion of restore abilities {unknown}
 J - 3 potions of curing {unknown}
Comestibles
 c - 6 bread rations
 x - 9 slices of pizza
 I - 4 fruits
 N - 3 meat rations


   Skills:
 - Level 3.6 Fighting
 * Level 19.2 Axes
 - Level 2.1 Armour
 - Level 1.5 Dodging


You had 9 spell levels left.
You didn't know any spells.

Dungeon Overview and Level Annotations

Branches:
Dungeon (9/15)             Temple (0/1) D:7            Lair (0/8) D:9
    Orc (0/4) D:9

Altars:
Ashenzari
Elyvilon
Fedhas
Kikubaaqudgha
Okawaru
Ru
Trog
Zin


Message History

The giant frog barely misses you. The spiny frog stings you!
* * * LOW HITPOINT WARNING * * *
The giant frog hits you.
* * * LOW HITPOINT WARNING * * *
You slice the spiny frog!!
The spiny frog is heavily wounded.
You hit the giant frog.
The giant frog is lightly wounded.
You feel sick. The spiny frog stings you.
* * * LOW HITPOINT WARNING * * *
The giant frog hits you but does no damage.
The spiny frog stings you.
* * * LOW HITPOINT WARNING * * *
Use which ability? (? or * to list)
A red film seems to cover your vision as you go berserk!
You feel yourself moving faster!
You feel mighty!
You feel somewhat more hungry. The giant frog hits you.
* * * LOW HITPOINT WARNING * * *
The spiny frog stings you!
You die...

##.......## #.. ... .
#.#.....#.# ......
#..#...#..# .......
#...#.#...# #.......
#####.....# #........
#...#.#...# #........
#..#...#..# #.....>..
#.#.....#.###FF.......
##.......##.%@........
#.....#####...........
##.......##.##.......
#.#.....#.#.# .......
#..#...#..#.# .......
#...#.#...#.# ####..
#####.....#.# #
#...#.......#
#..#...######


You could see a spiny frog and a giant frog.

Vanquished Creatures
  Gastronok (D:9)
  Maurice (D:9)
  2 centaur skeletons
  Prince Ribbit (D:8)
  A spriggan (D:9)
  A deep elf mage (D:9)
  Eustachio (D:6)
  A water moccasin (D:9)
  2 sky beasts
  A black bear (D:6)
  2 phantoms
  2 centaurs
  A wasp (D:7)
  3 orc warriors
  2 ogres
  A giant frog (D:8)
  4 scorpions
  12 killer bees
  A giant frog zombie (D:6)
  4 crimson imps
  2 jellies
  A centaur zombie (D:6)
  Crazy Yiuf (D:2)
  3 orc wizards
  Terence (D:2)
  An iguana (D:5)
  2 orc priests
  5 worker ants
  A hound skeleton (D:3)
  Robin (D:3)
  4 gnolls (D:3)
  A river rat (D:6)
  2 shadow imps (D:8)
  11 adders
  3 oozes
  3 adder skeletons (D:5)
  8 giant geckos
  22 orcs
  2 ball pythons
  14 bats
  A bat skeleton (D:9)
  2 bat zombies
  7 giant cockroaches
  21 goblins
  15 hobgoblins
  18 jackals
  18 kobolds
  3 quokkas
  A ball python skeleton (D:4)
  A giant gecko skeleton (D:4)
  9 giant newts
  A jackal skeleton (D:4)
  19 rats
  3 fungi (D:2)
251 creatures vanquished.

Vanquished Creatures (others)
  A giant spore (D:6)
1 creature vanquished.

Grand Total: 252 creatures vanquished

Notes
Turn   | Place    | Note
--------------------------------------------------------------
     0 | D:1      | Radiman, the Hill Orc Berserker, began the quest for the Orb.
     0 | D:1      | Reached XP level 1. HP: 19/19 MP: 1/1
   348 | D:1      | Reached XP level 2. HP: 26/26 MP: 2/2
   477 | D:1      | Reached skill level 5 in Axes
   972 | D:1      | Reached XP level 3. HP: 29/31 MP: 3/3
  1382 | D:2      | Acquired Trog's second power
  1383 | D:2      | Noticed Terence
  1396 | D:2      | Killed Terence
  1396 | D:2      | Reached skill level 6 in Axes
  1396 | D:2      | Reached XP level 4. HP: 27/39 MP: 4/4
  1821 | D:2      | Reached skill level 7 in Axes
  2203 | D:2      | Noticed Crazy Yiuf
  2213 | D:2      | Killed Crazy Yiuf
  2213 | D:2      | Reached XP level 5. HP: 42/45 MP: 5/5
  2511 | D:3      | Found an ancient bone altar of Kikubaaqudgha.
  2530 | D:3      | Reached skill level 8 in Axes
  2758 | D:3      | Found a shattered altar of Ashenzari.
  3127 | D:3      | Noticed Robin
  3135 | D:3      | Reached XP level 6. HP: 51/51 MP: 6/6
  3139 | D:3      | Killed Robin
  3490 | D:4      | Found a large runed door.
  3498 | D:4      | Found a large runed door.
  3529 | D:4      | Acquired Trog's third power
  3532 | D:4      | Reached skill level 9 in Axes
  3639 | D:4      | Found a large runed door.
  3639 | D:4      | Found a large runed door.
  3750 | D:4      | Reached XP level 7. HP: 43/57 MP: 7/7
  3830 | D:4      | Reached skill level 10 in Axes
  4364 | D:4      | Reached skill level 11 in Axes
  4611 | D:5      | Entered Level 5 of the Dungeon
  5122 | D:5      | Reached XP level 8. HP: 59/64 MP: 8/8
  5268 | D:5      | Reached skill level 12 in Axes
  5336 | D:5      | Found a bloodstained altar of Trog.
  5337 | D:5      | Found an iron altar of Okawaru.
  5760 | D:6      | Reached skill level 13 in Axes
  5874 | D:6      | Found a white marble altar of Elyvilon.
  6148 | D:6      | Noticed Eustachio
  6157 | D:6      | Killed Eustachio
  6240 | D:6      | Reached skill level 14 in Axes
  6455 | D:6      | Found a sacrificial altar of Ru.
  6575 | D:6      | Reached XP level 9. HP: 64/70 MP: 9/9
  6804 | D:7      | Paralysed by a wasp for 2 turns
  7033 | D:7      | Found a glowing silver altar of Zin.
  7555 | D:7      | Found a staircase to the Ecumenical Temple.
  7745 | D:8      | Reached skill level 15 in Axes
  8068 | D:8      | Noticed a centaur skeleton
  8076 | D:8      | Killed a centaur skeleton
  8125 | D:8      | Noticed Prince Ribbit
  8139 | D:8      | Killed Prince Ribbit
  8139 | D:8      | Reached skill level 16 in Axes
  8367 | D:8      | Found a blossoming altar of Fedhas.
  8788 | D:9      | Received a gift from Trog
  8935 | D:9      | Found a staircase to the Orcish Mines.
  8948 | D:9      | Reached XP level 10. HP: 52/77 MP: 3/10
  9121 | D:9      | Noticed Gastronok
  9136 | D:9      | Killed Gastronok
  9136 | D:9      | Reached skill level 18 in Axes
  9239 | D:9      | HP: 3/77 [poisoned by a killer bee]
  9245 | D:9      | HP: 2/77 [poisoned by a killer bee]
  9250 | D:9      | HP: 2/77 [poisoned by a killer bee]
  9437 | D:9      | HP: 2/77 [orc warrior/long sword (16)]
  9970 | D:9      | Noticed Maurice
  9977 | D:9      | Killed Maurice
  9977 | D:9      | Reached skill level 19 in Axes
 10157 | D:9      | Found a staircase to the Lair.
 10157 | D:9      | Noticed a spiny frog
 10166 | D:9      | Slain by a spiny frog

Action                   |  1- 3 |  4- 6 |  7- 9 | 10-12 || total
-------------------------+-------+-------+-------+-------++-------
Melee: Hand axe          |    83 |   211 |   421 |       ||   715
       Battleaxe         |       |       |    31 |       ||    31
       Executioner's axe |       |       |     9 |    80 ||    89
Invok: Berserk           |     1 |     2 |     1 |     4 ||     8
       Burn Spellbooks   |       |     2 |       |       ||     2
  Use: Scroll            |       |     5 |     5 |     1 ||    11
  Eat: Chunk             |     1 |    11 |    17 |     7 ||    36
